Map: Central Protocol

Players

Goodfella

  • Race: Protoss Protoss

SonicReducer

  • Race: Protoss Protoss
  • League: Platinum

Oxygen

  • Race: Terran Terran
  • League: Gold

DerTeufel

  • Race: Terran Terran

VOD

Have the link to the VOD?

Description

Time

  • Played on: Feb. 16, 2016, 2:10 p.m.
  • Length: 6:56
Show
View Real Time Build Order
Export as new Build Order

Goodfella Protoss 

Build Orders: Oracle Opening 

Get SALT Encoding   

  12  0:01  Probe (Chrono Boost)  
  13  0:12  Probe (Chrono Boost)  
  14  0:22  Pylon  
  14  0:24  Probe (Chrono Boost)  
  15  0:40  Probe (Chrono Boost)  
  15  0:42  Gateway  
  16  0:51  Assimilator, Probe (Chrono Boost)  
  17  1:01  Probe (Chrono Boost)  
  18  1:08  Pylon  
  18  1:12  Probe (Chrono Boost)  
  19  1:22  Probe (Chrono Boost), Assimilator  
  20  1:31  Cybernetics Core  
  20  1:44  Probe (Chrono Boost)  
  21  1:51  Pylon  
  21  1:54  Probe (Chrono Boost)  
  22  2:05  Probe (Chrono Boost)  
  23  2:10  Stargate  
  25  2:23  Probe  
  25  2:25  Warp Gate  
  26  2:35  Probe  
  27  2:44  Stalker (Chrono Boost)  
  27  2:47  Mothership Core  
  28  3:04  Oracle  
  30  3:16  Probe  
  31  3:28  Probe (Chrono Boost)  
  31  3:31  Stalker (Chrono Boost)  
  33  3:56  Pylon  
  33  4:05  Zealot  
  35  4:11  Gateway  
  35  4:13  Gateway  
  35  4:15  Gateway  
  35  4:16  Oracle  
  38  4:19  Gateway  
  38  4:20  Gateway  
  38  4:39  Pylon  
  38  4:41  Probe (Chrono Boost)  
  38  4:44  Stalker  
  41  4:48  Pylon  
  41  4:51  Probe (Chrono Boost)  
  39  5:12  Nexus  
  39  5:20  Stalker  
  39  5:21  Stalker x2  
  36  5:23  Stalker  
  36  5:24  Adept  
  29  5:50  Probe (Chrono Boost)  
  28  6:21  Probe (Chrono Boost)  
  29  6:31  Probe (Chrono Boost)  
  30  6:42  Probe (Chrono Boost)  
Show
View Real Time Build Order
Export as new Build Order

SonicReducer Protoss 

Build Orders:  

Get SALT Encoding   

  12  0:01  SCV  
  13  0:13  SCV  
  14  0:17  Refinery  
  14  0:29  Supply Depot  
  14  0:31  SCV  
  15  0:51  SCV  
  15  0:54  Barracks  
  16  1:03  SCV  
  17  1:09  Supply Depot  
  17  1:15  SCV  
  18  1:27  SCV  
  19  1:42  Reaper  
  19  1:46  Factory  
  20  1:48  SCV  
  20  1:53  Refinery  
  21  2:00  SCV  
  22  2:06  Supply Depot  
  22  2:14  Marine  
  23  2:21  SCV  
  24  2:32  Widow Mine  
  24  2:33  Starport  
  24  2:34  Marine  
  24  2:35  SCV  
  28  2:43  Supply Depot x2  
  28  2:48  SCV  
  29  2:52  Marine  
  30  3:00  SCV  
  31  3:09  Marine  
  31  3:12  SCV  
  33  3:14  Medivac  
  35  3:21  Supply Depot  
  35  3:27  Factory Tech Lab  
  35  3:30  Marine  
  35  3:33  Orbital Command  
  36  3:44  Supply Depot  
  24  4:15  Widow Mine  
  26  4:32  Marine  
  27  4:41  Engineering Bay  
  27  4:42  Viking  
  29  4:50  SCV  
  29  4:51  Siege Tank  
  33  4:54  Barracks Tech Lab  
  32  5:00  Barracks  
  21  5:27  SCV  
  21  5:39  SCV  
  22  5:54  SCV  
  23  6:06  SCV  
  24  6:18  SCV  
  25  6:30  SCV  
  28  6:42  SCV  
Show
View Real Time Build Order
Export as new Build Order

Oxygen Terran 

Build Orders:  

Get SALT Encoding   

Show
View Real Time Build Order
Export as new Build Order

DerTeufel Terran 

Build Orders:  

Get SALT Encoding   

Tags
 
Add a new tag
Caveats
  • Supply blocks, unpowered buildings, or Contaminate may cause inaccurate times.
  • Supply counts are checked every 10 seconds.